 Dungeon Crawl Stone Soup version 0.20-a0-876-g2c7b0bf (webtiles) character file.

284 4thArraOfDagon the Skirmisher (level 6, -22/62 HPs)
             Began as a Naga Air Elementalist on Mar 15, 2017.
             Engulfed by a cloud of flame (23 damage)
             ... on level 7 of the Dungeon.
             The game lasted 00:05:57 (994 turns).

4thArraOfDagon the Skirmisher (NaAE)                 Turns: 994, Time: 00:05:58

Health: -22/62     AC:  5    Str: 10    XL:     6   Next: 29%
Magic:  4/9        EV:  5    Int: 21    God:
Gold:   83         SH:  0    Dex: 12    Spells: 8/9 levels left

rFire    . . .     SeeInvis +   v - +6 dagger "Seefitov" {drain, Int+4}
rCold    + . .     Gourm    .   i - +0 swamp dragon scales
rNeg     . . .     Faith    .   (no shield)
rPois    +         Spirit   .   (no helmet)
rElec    .         Reflect  .   x - scarf {rC+}
rCorr    .         Harm     .   (no gloves)
MR       .....                  (no barding)
Stlth    +.........             (no amulet)
Regen    0.2/turn               (no ring)
MPRegen  0.2/turn               y - -3 ring of evasion

@: lethally poisoned (-22 -> -29), very slow
A: see invisible, deformed body, poison resistance, slowness 2, slow metabolism
1, spit poison 1, AC +2
a: Spit Poison


You were on level 7 of the Dungeon.
You were not hungry.

You visited 1 branch of the dungeon, and saw 7 of its levels.

You collected 83 gold pieces.

Inventory:

Hand Weapons
 f - a +0 dagger
 l - a +0 blowgun
 p - a +0 mace
 t - a +1 whip of electrocution
 v - the +6 dagger "Seefitov" (weapon) {drain, Int+4}
   (You found it on level 6 of the Dungeon)

   A truly terrible weapon, it drains the life of those it strikes.
   It affects your intelligence (+4).
Missiles
 q - 3 tomahawks (quivered)
Armour
 a - a +0 robe
 i - +0 swamp dragon scales (worn)
 x - a scarf of cold resistance (worn)
Jewellery
 y - a -3 ring of evasion (left hand)
Wands
 r - a wand of scattershot (6/9)
 w - a wand of enslavement (12/24)
Scrolls
 e - a scroll of remove curse
 h - a scroll of amnesia
Potions
 d - a potion of resistance {unknown}
 g - a potion of curing {unknown}
 k - 2 potions of haste {unknown}
 m - a potion of heal wounds {unknown}
 o - a potion of might {unknown}
 s - a potion of lignification {unknown}
 z - a potion of degeneration {unknown}
Books
 b - a book of Air

   Spells                             Type                      Level
   a - Shock                          Conjuration/Air              1
   b - Swiftness                      Charms/Air                   2
   c - Static Discharge               Conjuration/Air              3
   d - Airstrike                      Air                          4
   e - Lightning Bolt                 Conjuration/Air              5
Comestibles
 c - a bread ration
 n - a royal jelly
 u - 14 fruits


   Skills:
 + Level 5.6 Fighting
 - Level 1.5 Dodging
 - Level 3.0 Stealth
 - Level 2.0 Spellcasting
 - Level 1.6 Conjurations
 - Level 3.2 Air Magic


You had 8 spell levels left.
You knew the following spells:

 Your Spells              Type           Power        Failure   Level  Hunger
a - Shock                 Conj/Air       ##..         17%         1    #......


Dungeon Overview and Level Annotations

Branches:
Dungeon (7/15)
 Temple: D:4-7

Altars:

Shops:
D:4 =


Innate Abilities, Weirdness & Mutations

You cannot wear boots.
Your serpentine skin is tough. (AC +2)
You have supernaturally acute eyesight. (SInv)
Armour fits poorly on your strangely shaped body.
Your system is resistant to poisons. (rPois)
You cover ground very slowly.
You have a slow metabolism.
You can spit poison.


Message History

The scorpion is almost dead.
The zap hits the orc warrior.
The orc warrior is lightly wounded.
You feel sick. The scorpion closely misses you.
Unknown command.
Casting: Shock
Confirm with . or Enter, or press ? or * to list all spells.
Aiming: Shock
Press: ? - help, Shift-Dir - straight line The zap hits the scorpion.
The scorpion explodes!
The fiery explosion engulfs you!
Ouch! That really hurt!
* * * LOW HITPOINT WARNING * * *
The fiery explosion engulfs the orc warrior.
The orc warrior is severely wounded.
The zap hits the orc warrior.
The orc warrior appears unharmed.
The orc warrior is severely wounded.
You are engulfed in blazing flames.
You die...

#.#...........###
#.#.....#######
###.#............
#.........#######
#.........#
#.........#
#...%.....#
#.........#
#.@§§.....#
###§##....#
#o####### #h#
........#
........#
........#
...o....#
........#


You could see an orc warrior (inner flame) and a hound.

Vanquished Creatures
  A sky beast (D:7)
  A scorpion (D:7)
  2 hounds
  An orc priest (D:6)
  3 adders (D:5)
  2 adder zombies
  A worm (D:4)
  A dart slug (D:1)
  A leopard gecko (D:5)
  2 orcs (D:5)
  A giant cockroach (D:1)
  A hobgoblin (D:1)
  2 jackals (D:5)
  2 kobolds
  A quokka (D:6)
  2 bats
  A frilled lizard (D:3)
  A quokka zombie (D:5)
  2 rats
28 creatures vanquished.

Notes
Turn   | Place    | Note
-------+----------+-------------------------------------------
     0 | D:1      | 4thArraOfDagon the Naga Air Elementalist began the quest for the Orb.
     0 | D:1      | Reached XP level 1. HP: 15/15 MP: 3/3
   112 | D:1      | Reached XP level 2. HP: 20/22 MP: 1/5
   332 | D:4      | Found Iseisuge's Jewellery Emporium.
   343 | D:4      | Reached skill level 1 in Fighting
   393 | D:5      | Entered Level 5 of the Dungeon
   465 | D:5      | Reached XP level 3. HP: 24/32 MP: 6/6
   513 | D:5      | Reached skill level 2 in Fighting
   635 | D:6      | Reached skill level 3 in Fighting
   635 | D:6      | Reached XP level 4. HP: 25/42 MP: 1/7
   740 | D:6      | Got a warped dagger
   744 | D:6      | Identified the +6 dagger "Seefitov" {drain, Int+4} (You found it on level 6 of the Dungeon)
   860 | D:5      | Reached skill level 4 in Fighting
   860 | D:5      | Reached XP level 5. HP: 47/50 MP: 8/8
   958 | D:7      | Noticed a sky beast
   965 | D:7      | Killed a sky beast
   965 | D:7      | Reached skill level 5 in Fighting
   965 | D:7      | Reached XP level 6. HP: 39/61 MP: 9/9
   982 | D:7      | Noticed an orc warrior
   994 | D:7      | HP: 1/61 [scorpion/exploding inner flame[the player character] (38)]
   994 | D:7      | Engulfed by a cloud of flame

Vault maps used:
D:1:      sevenhm_arrival_forest_fort_small_3, serial_forest,
          infiniplex_forest_end_double, infiniplex_forest_lined_room_2,
          infiniplex_forest_straight_3, infiniplex_forest_straight_2,
          infiniplex_forest_straight_2, infiniplex_forest_lined_2,
          infiniplex_forest_straight_1, infiniplex_forest_end_3,
          infiniplex_forest_zigzag_1, infiniplex_forest_clump_small
D:2:      uniq_natasha
D:3:      chequers_temple_overflow_minitemple
D:4:      grunt_temple_overflow_holy_war, first_bread, serial_shops,
          nicolae_shop_crystal
D:6:      dk_vineyard_1, kennysheep_generic_room_4
D:7:      wad_river_or_something, old_standard_altar, lemuel_temple_firewalk_a

Skill      XL: |  1  2  3  4  5 |
---------------+----------------+-----
Fighting       | 1 3 4 5 |  5.6
Dodging        | |  1.5
Stealth        | |  3.0
Spellcasting   | |  2.0
Conjurations   | |  1.6
Air Magic      | |  3.2

Action                   |  1- 3 |  4- 6 || total
-------------------------+-------+-------++-------
Melee: Dagger            |     9 |    22 ||    31
       Mace              |     9 |       ||     9
       Whip              |       |    11 ||    11
 Cast: Shock             |    27 |     9 ||    36
 Abil: Spit Poison       |    21 |     6 ||    27
  Use: Scroll            |       |     3 ||     3
  Eat: Royal jelly       |       |     1 ||     1
Armor: Swamp dragon scal |    14 |    17 ||    31
       Robe              |     1 |       ||     1
Dodge: Dodged            |    20 |    14 ||    34
